 Dungeon Crawl Stone Soup version 0.27-a0-1119-gbf574a6a6b (webtiles) character file.

Game seed: 12426775098343794817

113 Zeld the Chucker (level 4, -2/31 HPs)
             Began as an Octopode Fighter on May 2, 2021.
             Blown up by Pikel (33 damage)
             ... with a mindburst bolt
             ... on level 4 of the Dungeon.
             The game lasted 00:02:28 (1964 turns).

Zeld the Chucker (Octopode Fighter)                 Turns: 1964, Time: 00:02:29

Health: -2/31      AC:  1    Str: 16    XL:     4   Next: 96%
Magic:  4/4        EV: 15    Int: 10    God:
Gold:   98         SH:  8    Dex: 11    Spells: 3/3 levels left

rFire    . . .     SeeInvis .   a - +0 war axe
rCold    . . .     Faith    .   b - +0 kite shield
rNeg     . . .     Spirit   .   (helmet restricted)
rPois    .         Reflect  .   (no amulet)
rElec    .         Harm     .   g - +4 ring of evasion
rCorr    .         Rampage  .   l - ring of wizardry
Will     .....                  (no ring)
Stlth    ++........             (no ring)
HPRegen  0.10/turn              (no ring)
MPRegen  0.09/turn              (no ring)
                                (no ring)
                                (no ring)

@: no status effects
A: almost no armour, amphibious, 8 rings, camouflage 1, gelatinous body 1,
(nimble swimmer 1), tentacles
a: no special abilities


You were on level 4 of the Dungeon.
You visited 1 branch of the dungeon, and saw 4 of its levels.
You also visited: Sewer.

You collected 98 gold pieces.

Inventory:

Hand Weapons
 a - a +0 war axe (weapon)
Missiles
 e - 20 poisoned darts (quivered)
Armour
 b - a +0 kite shield (worn)
Jewellery
 g - a +4 ring of evasion (left tentacle)
 l - a ring of wizardry (right tentacle)
Scrolls
 d - 4 scrolls of identify {unknown}
 f - a scroll of magic mapping {unknown}
 i - 3 scrolls of teleportation {unknown}
 j - a scroll of torment {unknown}
 k - a scroll of summoning {unknown}
 m - a scroll of fog {unknown}
 n - a scroll of blinking {unknown}
 o - a scroll of fear {unknown}
Potions
 c - a potion of might
 h - a potion of lignification {unknown}
 p - a potion of resistance {unknown}
 q - 2 potions of flight {unknown}
 r - 2 potions of attraction {unknown}


   Skills:
 - Level 3.0 Fighting
 - Level 2.0 Axes
 * Level 4.2 Throwing
 - Level 3.0 Dodging
 - Level 3.0 Shields


You had 3 spell levels left.
You didn't know any spells.
Your spell library was empty.

Dungeon Overview and Level Annotations

Branches:
Dungeon (4/15)              Sewer (visited)
 Temple: D:4-7

Altars:
Hepliaklqana

Annotations:
D:4 Pikel


Innate Abilities, Weirdness & Mutations

You cannot wear most types of armour.
You are amphibious.
You can wear up to eight rings at the same time.
Your skin changes colour to match your surroundings (Stealth+).
Your rubbery body absorbs attacks. (AC +1, EV +1)
((You are camouflaged near water. (Stealth+)))
You have tentacles for arms and can constrict up to eight enemies at once.


Message History

Done exploring.
Done exploring.
Done exploring.
Done exploring.
There is a gate leading back out of this place here.
Welcome back to the Dungeon!
There is a collapsed entrance here.
There is an open door here.
You see here an adder skeleton.
You now have 98 gold pieces (gained 8).
Found a hazy altar of Hepliaklqana.
A lemure comes into view.
The lemure shouts!
You hear a shout!
A lemure comes into view.
You hear a shout!
There are monsters nearby!
A lemure and Pikel come into view.
Pikel is wielding a +2 whip of flaming and carrying a wand of mindburst (15).
Pikel shouts!
The lemure shouts!
An adder skeleton comes into view.
Pikel zaps a wand.
Your mind is blasted!
Pikel says, "You'll make a fine lemure."
Found a metal-bound book.
A quokka comes into view.
You block the quokka's attack. You block the quokka's attack.
You block the quokka's attack. The quokka closely misses you.
You see here 28 bolts.
You miss the quokka. You grab the quokka. You constrict the quokka.
The quokka barely misses you. x2; You block the quokka's attack.
You slash the quokka!
You kill the quokka!
You hit the lemure but do no damage. The lemure closely misses you.
You block the lemure's attack.
You barely miss the lemure. You grab the lemure.
You constrict the lemure, but do no damage.
The lemure misses you.
Pikel zaps a wand.
Your mind is blasted!
Ouch! That really hurt!
You die...

........#.........#...
##..##..............## ...
###...##..#..........####...
#.........#.....#...........
..........#....##...........
#..........K..............#
...............#..#.......##
.......##......#...........#
.....###.......†@...<.......
h..#.# #.......5.......#.#..
#........................#
......................#
...#.#...............##
...#.....#.......##..# .#
..........##...#...
##.......##...^..##..


You could see Pikel and a lemure.

Vanquished Creatures
  A hound skeleton (D:4)
  3 adders
  6 worms
  A dart slug (D:1)
  6 bats (Sewer)
  6 endoplasms
  7 giant cockroaches
  3 goblins
  A hobgoblin (D:1)
  5 jackals
  3 quokkas
  6 ball pythons
  A frilled lizard (Sewer)
  2 kobolds
51 creatures vanquished.

Notes
Turn   | Place    | Note
-------+----------+-------------------------------------------
     0 | D:1      | Zeld the Octopode Fighter began the quest for the Orb.
     0 | D:1      | Reached XP level 1. HP: 16/16 MP: 1/1
    61 | D:1      | Reached skill level 1 in Throwing
   114 | D:1      | Reached XP level 2. HP: 21/21 MP: 2/2
   477 | D:2      | Reached skill level 2 in Throwing
   477 | D:2      | Reached XP level 3. HP: 13/26 MP: 3/3
   797 | D:4      | Noticed a scorpion
   811 | D:4      | Reached skill level 3 in Throwing
   836 | D:4      | Reached XP level 4. HP: 18/31 MP: 4/4
   846 | D:4      | Found a glowing drain.
   867 | Sewer    | Entered a sewer
  1504 | Sewer    | Reached skill level 4 in Throwing
  1913 | D:4      | Found a hazy altar of Hepliaklqana.
  1914 | D:4      | Noticed a lemure
  1914 | D:4      | Noticed a lemure
  1915 | D:4      | Noticed Pikel
  1915 | D:4      | Noticed a lemure
  1964 | D:4      | Blown up by Pikel

Illustrated notes

Levels and vault maps discovered:
D:1:      ncdulo_watergridlock, layout_basic, serial_shops, nicolae_shop_stone
D:2:      layout_loops_ring, dk_noncrumbling_2
D:3:      layout_rooms, nicolae_ru_the_path_less_chosen, tgw_trog,
          kennysheep_generic_room_11, uniq_grinder
D:4:      layout_cave_pools, bloody_makhleb, grunt_temple_overflow_open,
          ebering_ghost_disaster_area, gup_sewer_entry_glass, kennysheep_nub,
          uniq_sigmund, uniq_pikel

Skill      XL: |  1  2  3  4 |
---------------+-------------+-----
Throwing       | 1 2 3 4 |  4.2
Fighting       | |  3.0
Axes           | |  2.0
Dodging        | |  3.0
Shields        | |  3.0

Action                   |  1- 3 |  4- 6 || total
-------------------------+-------+-------++-------
Melee: War axe           |    33 |    43 ||    76
       Constrict         |     8 |    14 ||    22
       Tentacles         |     6 |     7 ||    13
 Stab: Sleeping          |     8 |     3 ||    11
Armor: Skin              |     2 |     7 ||     9
Dodge: Dodged            |     8 |    45 ||    53
Block: Kite shield       |     9 |    24 ||    33

Table legend: (Time is in decaauts)
 A = Elapsed time spent in this place.
 B = Non-inter-level travel time spent in this place.
 C = Inter-level travel time spent in this place.
 D = Time resting spent in this place.
 E = Time spent auto-exploring this place.
 F = Levels seen in this place.
 G = Mean time per level.
                   A        B        C        D        E       F      G
               +--------+--------+--------+--------+--------+-----+--------+
         Total |   2010 |   1998 |     12 |    396 |   1146 |   5 |  402.0 |
       Dungeon |    959 |    947 |     12 |      0 |    660 |   4 |  239.8 |
         Sewer |   1051 |   1051 |      0 |    396 |    486 |   1 | 1051.0 |
               +--------+--------+--------+--------+--------+-----+--------+

Top non-repeatable levels by time:
   Sewer: 1051 daAuts
     D:2: 410 daAuts
     D:1: 352 daAuts
     D:4: 175 daAuts
     D:3: 21 daAuts
